 Dungeon Crawl Stone Soup version 0.28.0 (webtiles) character file.

Game seed: 1127602149206691034

4 croobank the Conjurer (level 1, 0/13 HPs)
             Began as a Human Conjurer on Feb 13, 2022.
             Slain by a goblin (1 damage)
             ... on level 1 of the Dungeon.
             The game lasted 00:00:53 (91 turns).

croobank the Conjurer (Human Conjurer)                Turns: 91, Time: 00:00:53

Health: 0/13       AC:  2    Str:  7    XL:     1   Next: 66%
Magic:  3/3        EV: 12    Int: 18    God:
Gold:   18         SH:  0    Dex: 13    Spells: 3/4 levels left

rFire   . . .      SeeInvis +   b - +0 short sword
rCold   . . .      Faith    .   (no shield)
rNeg    . . .      Spirit   .   a - +0 robe
rPois   .          Reflect  .   (no helmet)
rElec   .          Harm     .   (no cloak)
rCorr   .          Rampage  .   (no gloves)
Will    .....                   (no boots)
Stlth   ++........              (no amulet)
HPRegen 0.04/turn               (no ring)
MPRegen 0.08/turn               (no ring)

@: no status effects
A: see invisible, agile 1, sense surroundings 1, subdued magic 1
a: no special abilities


You were on level 1 of the Dungeon.
You visited 1 branch of the dungeon, and saw 1 of its levels.

You collected 18 gold pieces.

Inventory:

Hand Weapons
 b - a +0 short sword (weapon)
Missiles
 c - 15 sling bullets
Armour
 a - a +0 robe (worn)


   Skills:
 - Level 2.0 Dodging
 + Level 2.4 Stealth
 - Level 2.0 Spellcasting
 - Level 4.0 Conjurations


You had 3 spell levels left.
You knew the following spells:

 Your Spells              Type           Power      Damage    Failure   Level
a - Magic Dart            Conj           48%        1d5       2%          1

Your spell library contained the following spells:

 Spells                   Type           Power      Damage    Failure   Level
 Searing Ray              Conj           24%        2d5       4%          2
 Dazzling Flash           Conj/Hex       12%        N/A       21%         3
 Fulminant Prism          Conj/Hex       3%         3d6       56%         4
 Iskenderun's Mystic Bla  Conj/Tloc      6%         2d4       56%         4


Dungeon Overview and Level Annotations

Branches:
Dungeon (1/15)

Altars:


Innate Abilities, Weirdness & Mutations

You have supernaturally acute eyesight. (SInv)
You are agile. (Dex +2)
You passively map a small area around you.
Your spells are a little easier to cast, but a little less powerful.


Message History

The goblin completely misses you. The goblin closely misses you.
You closely miss the goblin. The goblin hits you but does no damage.
You hit the goblin.
The goblin is moderately wounded.
The goblin misses you.
You barely miss the goblin.
The goblin is moderately wounded.
The goblin closely misses you. x2
You miss the goblin.
The goblin is moderately wounded.
The goblin hits you with a +0 dagger.
You hit the goblin.
The goblin is heavily wounded.
The goblin hits you but does no damage.
You closely miss the goblin.
The goblin is heavily wounded.
The goblin hits you with a +0 dagger.
You barely miss the goblin.
The goblin is heavily wounded.
The goblin hits you with a +0 dagger.
* * * LOW HITPOINT WARNING * * *
You hit the goblin.
The goblin is severely wounded.
The goblin hits you with a +0 dagger.
* * * LOW HITPOINT WARNING * * *
You closely miss the goblin.
The goblin is severely wounded.
The goblin barely misses you.
You aren't carrying any potions.
A rat comes into view.
A goblin comes into view. It is wielding a +0 club.
Found 6 gold pieces.
The rat barely misses you.
You see here a bubbling orange potion.
It was a potion of mutation.
You feel extremely strange.
Your connection to magic feels subdued.
Your vision sharpens.
You feel agile.
You feel a strange attunement to the structure of the dungeons.
The goblin hits you with a +0 dagger.
You die...

#.............#...†..#
♣♣...♣♣♣#...###......#
.......♣♣.### #......#
........♣♣. #......#
..♣.♣....♣..* #..###.#
...⌠.....♣..# #..# *.#
..♣.♣....♣ #..# .#
........♣♣ #.g# .#*
#♣.....♣♣ , * #.@# * ,
♣♣♣♣♣♣♣♣ .......r# , ,
..$.....# * ,
..g.....# , ** >
####..#..* * ##....,,
, , , ##### , , , , ,


You could see 2 goblins and a rat.

Vanquished Creatures
  An endoplasm (D:1)
  A giant cockroach (D:1)
  2 rats (D:1)
4 creatures vanquished.

Notes
Turn   | Place    | Note
-------+----------+-------------------------------------------
     0 | D:1      | croobank the Human Conjurer began the quest for the Orb.
     0 | D:1      | Reached XP level 1. HP: 13/13 MP: 3/3
    91 | D:1      | Gained mutation: Your spells are a little easier to cast,
                  | but a little less powerful. [potion of mutation]
    91 | D:1      | Gained mutation: You have supernaturally acute eyesight.
                  | (SInv) [potion of mutation]
    91 | D:1      | Gained mutation: You are agile. (Dex +2) [potion of
                  | mutation]
    91 | D:1      | Gained mutation: You passively map a small area around you.
                  | [potion of mutation]
    91 | D:1      | Slain by a goblin

Illustrated notes

Levels and vault maps discovered:
D:1:      amcnicky_arrival_underground_garden, layout_rooms,
          shapermc_ecumenical_altar_mp_urbaneastern

Action                   || total
-------------------------++-------
Melee: Short sword       ||    19
       Unarmed           ||     4
  Use: Potion            ||     1
 Stab: Sleeping          ||     1
Armor: Robe              ||     5
Dodge: Dodged            ||    11
